 Dungeon Crawl Stone Soup version 0.16.0-8-gd9ae3a8 (webtiles) character file.

437 Ololoev the Conjurer (level 7, -8/41 HPs)
             Began as an Octopode Fire Elementalist on Mar 16, 2015.
             Splashed by a jelly's acid (14 damage)
             ... on level 5 of the Dungeon.
             The game lasted 00:15:16 (5245 turns).

Ololoev the Conjurer (Octopode Fire Elementalist)   Turns: 5245, Time: 00:15:16

Health: -8/41      AC: -4    Str:  7    XL:     7   Next: 1%
Magic:  10/12      EV: 12    Int: 19    God:
Gold:   222        SH:  0    Dex: 13    Spells: 3 memorised, 1 level left

rFire  . . .     SeeInvis .     r - +0 short sword (drain)
rCold  . . .     Clarity  .     (no shield)
rNeg   . . .     SustAb   .     (helmet restricted)
rPois  .         Gourm    .     (no amulet)
rElec  .         Spirit   .     (no ring)
rCorr  .         Warding  .     (no ring)
rMut   .         Stasis   .     (no ring)
MR     .....                    (no ring)
Stlth  +++.......               (no ring)
                                (no ring)
                                (no ring)
                                (no ring)

@: corroded equipment, not resistant to hostile enchantments, fairly stealthy
A: almost no armour, amphibious, 8 rings, constrict 8, camouflage 1, gelatinous
body 1
a: no special abilities


You were on level 5 of the Dungeon.
You were not hungry.

You visited 2 branches of the dungeon, and saw 6 of its levels.

You collected 222 gold pieces.

Notes
Turn   | Place    | Note
--------------------------------------------------------------
     0 | D:1      | Ololoev, the Octopode Fire Elementalist, began the quest for the Orb.
     0 | D:1      | Reached XP level 1. HP: 11/11 MP: 3/3
   582 | D:1      | Reached XP level 2. HP: 6/17 MP: 0/4
  1537 | D:1      | Reached XP level 3. HP: 21/21 MP: 3/6
  1688 | D:2      | Learned a level 3 spell: Conjure Flame
  1759 | D:2      | Found a shattered altar of Ashenzari.
  1759 | D:2      | Found a shimmering altar of Xom.
  1817 | D:2      | Found an iron altar of Okawaru.
  2404 | D:3      | Reached XP level 4. HP: 21/27 MP: 0/7
  2503 | D:3      | Reached skill level 4 in Fire Magic
  2688 | D:3      | Reached XP level 5. HP: 8/31 MP: 1/9
  3891 | D:4      | Found Qireris' Antique Armour Emporium.
  3906 | D:4      | Reached XP level 6. HP: 22/36 MP: 4/10
  4059 | D:4      | Found Iclaehud's Antique Weapon Shoppe.
  4160 | D:4      | Learned a level 5 spell: Fireball
  4218 | D:4      | Found Fang's Weapon Boutique.
  4227 | D:4      | Found Huveheh's Antique Weapon Shoppe.
  4299 | D:4      | Got a flickering jade amulet
  4412 | D:4      | Identified the amulet "Ghoo" {Inacc Str+4} (You found it on level 4 of the Dungeon)
  4437 | D:4      | Reached skill level 5 in Conjurations
  4680 | D:4      | Noticed an ogre
  4689 | D:4      | Found a staircase to the Ecumenical Temple.
  4690 | D:4      | Killed an ogre
  4690 | D:4      | Reached skill level 5 in Fire Magic
  4733 | Temple   | Entered the Ecumenical Temple
  5081 | D:4      | Reached XP level 7. HP: 41/41 MP: 12/12
  5124 | D:4      | Found Obboliw's Gadget Emporium.
  5194 | D:5      | Entered Level 5 of the Dungeon
  5245 | D:5      | Splashed by a jelly's acid

Inventory:

Hand weapons
 r - a +0 short sword of draining (weapon)
Scrolls
 d - a scroll of magic mapping
 e - a scroll of recharging
 g - a scroll of remove curse
 h - a scroll of amnesia
 i - 3 scrolls of teleportation
 j - 2 scrolls of fear
 l - 2 scrolls of immolation
 p - a scroll of enchant weapon
 t - a scroll of enchant armour {unknown}
Potions
 a - a potion of curing
 f - a potion of agility
 o - a potion of restore abilities
 q - a potion of flight
 s - a potion of invisibility
 u - a potion of lignification {unknown}
Books
 b - a book of Flames

   Spells                             Type                      Level
   a - Flame Tongue                   Conjuration/Fire             1
   b - Throw Flame                    Conjuration/Fire             2
   c - Conjure Flame                  Conjuration/Fire             3
   d - Inner Flame                    Hexes/Fire                   3
   e - Sticky Flame                   Conjuration/Fire             4
   f - Fireball                       Conjuration/Fire             5
Comestibles
 c - 2 bread rations
 k - 2 meat rations
 m - 2 chunks of flesh
 n - 4 fruits

Table legend:
 A = Turns spent in this place as a percentage of turns spent in the entire game.
 B = Non-inter-level travel turns spent in this place as a percentage of non-inter-level travel turns spent in the entire game.
 C = Inter-level travel turns spent in this place as a percentage of turns spent in this place.
 D = Turns resting spent in this place as a percentage of non-inter-level travel turns spent in this place.
 E = Turns spent auto-exploring this place as a percentage of non-inter-level travel turns spent in this place.
 F = Non-inter-level travel turns spent in this place divided by the number of levels of this place that you've seen.
                   A       B       C       D       E      F
               +-------+-------+-------+-------+-------+----------------------
         Total | 100.0 | 100.0 |   0.4 |   9.2 |  10.1 | 207.2
       Dungeon |  98.6 |  98.7 |   0.3 |   9.3 |   9.0 | 245.4
        Temple |   1.4 |   1.3 |   5.9 |   0.0 |  87.5 |  16.0
               +-------+-------+-------+-------+-------+----------------------


   Skills:
 - Level 2.0 Dodging
 - Level 2.6 Stealth
 - Level 2.0 Spellcasting
 * Level 5.5 Conjurations
 + Level 5.1 Fire Magic


You had one spell level left.
You knew the following spells:

 Your Spells              Type           Power        Failure   Level  Hunger
a - Flame Tongue          Conj/Fire      ###..        1%          1    #......
b - Conjure Flame         Conj/Fire      ###.....     8%          3    ###....
c - Fireball              Conj/Fire      ###.......   63%         5    ######.


Dungeon Overview and Level Annotations

Branches:
Dungeon (5/15)             Temple (1/1) D:4

Altars:
Ashenzari
Cheibriados
Dithmenos
Elyvilon
Fedhas
Gozag
Kikubaaqudgha
Makhleb
Nemelex Xobeh
Okawaru
Qazlal
Ru
Sif Muna
Trog
Xom
Yredelemnul
Zin
The Shining One

Shops:
D:4 ([((}


Innate Abilities, Weirdness & Mutations

You cannot wear most types of armour.
You are amphibious.
You can wear up to eight rings at the same time.
You can use your tentacles to constrict many enemies at once.
Your skin changes colour to match your surroundings (Stealth).
Your rubbery body absorbs attacks (AC +1).


Message History

You constrict the giant gecko. The giant gecko misses you.
You hit the giant gecko!
You kill the giant gecko!
Found a rapier.
You see here a giant gecko corpse.
You butcher the giant gecko corpse.
m - 2 chunks of flesh (gained 1)
You see here a giant gecko skeleton.
u - a metallic cyan potion You now have 212 gold pieces (gained 14).
HP restored.
You now have 222 gold pieces (gained 10).
A jelly comes into view.
Casting: Flame Tongue
Confirm with . or Enter, or press ? or * to list all spells.
Aiming: Flame Tongue
Press: ? - help, Shift-Dir - straight line, f - jelly
Aim: a jelly (resting)
Okay, then.
The helpless jelly fails to defend itself.
You hit the jelly! You drain the jelly! The acid corrodes your equipment!
The jelly is severely wounded.
The jelly hits you.
You are splashed with acid!
The acid burns!
Casting: Flame Tongue
Confirm with . or Enter, or press ? or * to list all spells.
Aiming: Flame Tongue
Press: ? - help, Shift-Dir - straight line, f - jelly
Aim: a jelly (severely wounded, heavily drained)
The flame tongue hits the jelly.
The jelly is almost dead.
The jelly hits you.
You are splashed with acid!
The acid burns!
Casting: Flame Tongue
Confirm with . or Enter, or press ? or * to list all spells.
Aiming: Flame Tongue
Press: ? - help, Shift-Dir - straight line, f/p - jelly
Aim: a jelly (almost dead, heavily drained)
The flame tongue hits the jelly.
The jelly is almost dead.
The jelly hits you.
You are splashed with acid!
The acid burns!
You die...

### ## ..#
###..###.. #.#
##.......# #.#
#.#.#.#.#.. #J#
##.......... #@##
#.#.#.#.#.#.
#.?###...........#
##.##.#.#.#.#.#.#.
#..#...).........
##..#.#.#.#.#.#รท#
#...............
##..#.#.#.#.#.#.
#.........(....
##..#.#.#.#.#..


You could see a jelly.

Table legend:
 A = Kills in this place as a percentage of kills in entire the game.
 B = Kills by you in this place as a percentage of kills by you in the entire game.
 C = Kills by friends in this place as a percentage of kills by friends in the entire game.
 D = Other kills in this place as a percentage of other kills in the entire game.
 E = Experience gained in this place as a percentage of experience gained in the entire game.
 F = Experience gained in this place divided by the number of levels of this place that you have seen.
                   A       B       C       D       E      F
               +-------+-------+-------+-------+-------+----------------------
         Total | 100.0 | 100.0 |  -nan |  -nan | 100.0 | 104.2
       Dungeon | 100.0 | 100.0 |  -nan |  -nan | 100.0 | 125.0
               +-------+-------+-------+-------+-------+----------------------

Vanquished Creatures
  An ogre (D:4)
  An orc priest (D:4)
  3 orc wizards (D:3)
  A worker ant (D:4)
  A hound skeleton (D:3)
  8 adders
  2 giant mites
  A worm (D:4)
  An ooze (D:3)
  11 orcs
  5 giant cockroaches
  12 hobgoblins
  4 kobolds
  3 quokkas
  2 ball pythons
  8 bats
  7 giant geckos
  6 giant newts
  13 goblins
  7 rats
  A plant (D:4)
98 creatures vanquished.

Action                   |  1- 3 |  4- 6 |  7- 9 || total
-------------------------+-------+-------+-------++-------
Melee: Unarmed           |    44 |    37 |       ||    81
       Short sword       |       |    65 |     8 ||    73
 Cast: Flame Tongue      |    42 |    64 |     2 ||   108
       Conjure Flame     |     1 |     2 |       ||     3
  Use: Potion            |     3 |       |       ||     3
       Scroll            |       |    11 |       ||    11
 Stab: Sleeping          |     6 |     4 |     1 ||    11
  Eat: Chunk             |     5 |    10 |       ||    15

Vault maps used:
D:1:      eino_arrival_druids_welcome
D:2:      gammafunk_temple_overflow_statue, lemuel_coloured_pillars_altar
D:3:      minmay_fountain_box
D:4:      minmay_temple_entry_overgrown, first_bread, serial_shops,
          kennysheep_mini_moat, nicolae_shop_window_shopping, shop,
          shop_fountains, nicolae_shop_crystal
D:5:      lemuel_crystal_altar, hex_medium
Temple:   eino_wide_crystal_templ_15
